 Dungeon Crawl Stone Soup version 0.28.0-45-g0d030f2227 (webtiles) character file.

Game seed: 1983758459011108904

71544 Kaptain the Eclecticist (level 14, -5/83 (87) HPs)
             Began as a Deep Elf Earth Elementalist on Apr 18, 2022.
             Slain by Snorg (19 damage)
             ... on level 1 of the Orcish Mines.
             The game lasted 01:02:01 (36548 turns).

Kaptain the Eclecticist (DEEE)                     Turns: 36548, Time: 01:02:02

HP:   -5/83 (87)    AC: 14    Str:  5    XL:     14   Next: 98%
MP:   34/44         EV: 17    Int: 26    God:
Gold: 1813          SH:  5    Dex: 15    Spells: 21/43 levels left

rFire   + . .      SeeInvis .   f - +1 mace (protect)
rCold   . . .      Faith    .   a - +0 buckler
rNeg    . . .      Spirit   .   k - +0 steam dragon scales
rPois   .          Reflect  .   I - +0 helmet
rElec   .          Harm     .   y - +2 cloak {Stlth+}
rCorr   .          Rampage  .   G - +1 pair of gloves {Stlth+}
Will    +....                   B - +0 pair of boots
Stlth   +++++.....              (no amulet)
HPRegen 0.23/turn               n - ring of magical power
MPRegen 0.29/turn               P - ring of protection from fire

@: lightly drained
A: no striking features
a: no special abilities


You were on level 1 of the Orcish Mines.
You visited 5 branches of the dungeon, and saw 23 of its levels.
You also visited: Sewer, Bailey and Volcano.

You collected 1813 gold pieces.

Inventory:

Hand Weapons
 d - a +2 short sword of draining
 f - a +1 mace of protection (weapon)
 J - a +0 scimitar of flaming
Missiles
 o - 348 stones
 u - 3 throwing nets
Armour
 a - a +0 buckler (worn)
 j - a +0 troll leather armour
 k - +0 steam dragon scales (worn)
 t - +0 acid dragon scales
 y - a +2 cloak of stealth (worn)
 B - a +0 pair of boots (worn)
 G - a +1 pair of gloves of stealth (worn)
 I - a +0 helmet (worn)
 V - the -4 pair of boots "Fufylemp" {rC- Dex+2 Slay+2 SInv}
   (You found it in a volcano)

   Dex:       It affects your dexterity (+2).
   Slay:      It affects your accuracy & damage with ranged weapons and melee
   (+2).
   rC:        It makes you vulnerable to cold.
   SInv:      It lets you see invisible.
 W - a +2 leather armour of fire resistance
Magical Staves
 g - a staff of poison
Jewellery
 n - a ring of magical power (left hand)
 C - a ring of fire
 D - a +6 ring of strength
 L - a ring of willpower
 M - a ring of poison resistance
 P - a ring of protection from fire (right hand)
 S - an amulet of reflection
Wands
 i - a wand of mindburst (40)
 l - a wand of flame (26)
 x - a wand of iceblast (6)
 F - a wand of acid (9)
Scrolls
 b - 2 scrolls of magic mapping
 h - a scroll of brand weapon
 v - 2 scrolls of fog
 w - 4 scrolls of teleportation
 E - 7 scrolls of immolation
 R - 6 scrolls of enchant armour
 T - 4 scrolls of fear
 Y - a scroll of blinking
 Z - a scroll of amnesia {unknown}
Potions
 c - 2 potions of berserk rage {unknown}
 e - 4 potions of flight
 m - 5 potions of might
 p - 3 potions of resistance
 q - 4 potions of heal wounds
 r - 5 potions of cancellation
 s - a potion of ambrosia
 z - 2 potions of lignification
 A - 5 potions of brilliance
 H - 6 potions of curing
 N - a potion of haste {unknown}
 O - 2 potions of mutation {unknown}
 U - 2 potions of invisibility
 X - a potion of magic {unknown}
Miscellaneous
 K - a phantom mirror
 Q - a lightning rod (4/4)


   Skills:
 * Level 9.7 Fighting
 - Level 5.0 Armour
 + Level 10.4 Dodging
 - Level 5.0 Stealth
 - Level 5.0 Shields
 * Level 15.2 Spellcasting
 * Level 12.7 Conjurations
 + Level 7.6 Transmutations
 * Level 13.1 Earth Magic


You had 21 spell levels left.
You knew the following spells:

 Your Spells              Type           Power      Damage    Failure   Level
a - Sandblast             Erth           100%       2d20      0%          1
b - Stone Arrow           Conj/Erth      100%       3d13      1%          3
c - Statue Form           Tmut/Erth      43%        N/A       8%          6
d - Swiftness             Air            19%        N/A       11%         3
e - Lee's Rapid Deconstr  Erth           36%        3d19*     1%          5
f - Sticky Flame          Conj/Fire      52%        2d7       2%          4

Your spell library contained the following spells:

 Spells                   Type           Power      Damage    Failure   Level
 Passwall                 Tmut/Erth      54%        N/A       1%          2
 Conjure Flame            Conj/Fire      52%        6-21      1%          3
 Petrify                  Tmut/Erth      65%        N/A       1%          4
 Leda's Liquefaction      Hex/Erth       26%        N/A       2%          4
 Summon Small Mammal      Summ           76%        N/A       3%          1
 Ignite Poison            Fire/Tmut/Pois 33%        N/A       3%          3
 Ensorcelled Hibernation  Hex/Ice        38%        N/A       5%          2
 Call Canine Familiar     Summ           19%        N/A       11%         3
 Gell's Gravitas          Tloc           19%        N/A       11%         3
 Lesser Beckoning         Tloc           19%        N/A       11%         3
 Portal Projectile        Hex/Tloc       38%        N/A       11%         3
 Summon Guardian Golem    Hex/Summ       19%        N/A       11%         3
 Teleport Other           Tloc           19%        N/A       11%         3
 Tukima's Dance           Hex            19%        N/A       11%         3
 Anguish                  Hex/Necr       9%         N/A       34%         4
 Metabolic Englaciation   Hex/Ice        9%         N/A       67%         5
 Dispersal                Tloc           9%         N/A       99%         6
 Enfeeble                 Hex            9%         N/A       100%        7


Dungeon Overview and Level Annotations

Branches:
Dungeon (13/15)            Temple (1/1) D:4            Lair (6/6) D:11
  Swamp (0/4) Lair:4       Spider (1/4) Lair:2        Slime (0/5) Lair:6
    Orc (2/2) D:12            Elf (0/3) Orc:2         Sewer (visited)
 Bailey (visited)         Volcano (visited)
 Vaults: D:13-14

Altars:
Ashenzari
Cheibriados
Dithmenos
Elyvilon
Fedhas
Gozag
Hepliaklqana
Kikubaaqudgha
Makhleb
Nemelex Xobeh
Okawaru
Qazlal
Ru
Sif Muna
Trog
Uskayaw
Vehumet
Wu Jian
Xom
Yredelemnul
Zin
The Shining One
Jiyva

Shops:
Orc:2 [

Annotations:
D:7 1 runed translucent door, Ablot's ghost, novice GnCK
Lair:1 2 transporters, duchin's ghost, journeyman DECj
Orc:1 Snorg


Message History

There is a stone staircase leading down, spattered with blood here.
Unknown command.
The orc knight hits you with a +0 battleaxe!!
Snorg goes berserk!
You see here a +0 club.
Casting: Stone Arrow (safe; 1% risk of failure)
Confirm with . or Enter, or press ? or * to list all spells.
Aiming: Lee's Rapid Deconstruction (mildly dangerous; 1% risk of failure)
Press: ? - help, Dir - move target A rock wall.
Okay, then.
Snorg rages.
The orc knight hits you with a +0 battleaxe!
You block Snorg's attack. Snorg claws you! You block Snorg's attack.
Unknown command.
Casting: Lee's Rapid Deconstruction (mildly dangerous; 1% risk of failure)
Confirm with . or Enter, or press ? or * to list all spells.
Aiming: Lee's Rapid Deconstruction (mildly dangerous; 1% risk of failure)
Press: ? - help, Dir - move target A rock wall.
The wall shatters!
The blast of rock fragments hits Snorg!!
Snorg is moderately wounded.
The blast of rock fragments hits the orc knight!
The orc knight is heavily wounded.
The orc knight closely misses you.
Casting: Lee's Rapid Deconstruction (mildly dangerous; 1% risk of failure)
Confirm with . or Enter, or press ? or * to list all spells.
Aiming: Lee's Rapid Deconstruction (mildly dangerous; 1% risk of failure)
Press: ? - help, Dir - move target A rock wall.
The wall shatters!
The blast of rock fragments hits Snorg!!
Snorg is heavily wounded.
The blast of rock fragments hits the orc knight!
The orc knight is severely wounded.
The orc knight hits you with a +0 battleaxe!
* * * LOW HITPOINT WARNING * * *
Snorg bites you!!
You die...

...##...#..####......#.#.#...##
..###......# ##......#####...##
..####.....###...).T..####....#
............#....##.....#..####
........##[......##........#
##......#.[..)..#.#.......##
#...######[.)..#####...[.#.#
.......###.....o## ###.>[###
#.....)#.#.....T@## #.$[#
...##...)[........## ##.##
.####..[)....##....# ###
..####.....####....#
...#.<[[...#####...#
...[[.......#......#
...)....#.........##
#.....###.........# ##..#.#
##....#####


You could see Snorg (berserk) and an orc knight.

Vanquished Creatures
  Nessos (D:13)
  14 hydras
  Harold (D:7)
  2 vault guards (Bailey)
  A boulder beetle (Lair:4)
  3 catoblepae (Lair:6)
  5 two-headed ogres
  13 death yaks
  Nergalle (D:11)
  A fire crab (Volcano)
  An orb spider (Lair:2)
  A deep elf pyromancer (D:9)
  A lindwurm (Volcano)
  Pikel (D:5)
  An orc knight (Orc:1)
  A cyclops (D:6)
  An orc sorcerer (Orc:1)
  3 manticores
  6 black mambas
  14 cane toads
  4 gargoyles
  2 molten gargoyles (Volcano)
  An unseen horror (D:12)
  Maggie (D:7)
  An efreet (D:9)
  6 komodo dragons
  4 rime drakes
  2 kobold demonologists
  3 polar bears
  6 trolls
  Grinder (D:3)
  2 hornets
  Prince Ribbit (Bailey)
  17 blink frogs
  3 slime creatures (D:12)
  A shadow (D:10)
  2 water elementals (D:12)
  3 wraiths
  4 fire bats (Volcano)
  53 yaks
  3 basilisks
  8 wyverns
  The ghost of Ablot the Grasshopper, an amateur GnWr (D:5)
  4 steam dragons
  3 humans (Bailey)
  2 vampire mosquitoes (D:12)
  3 wargs
  Menkaure (D:4)
  A warg (shapeshifter) (D:12)
  Duvessa (D:6)
  An acid dragon (D:12)
  16 water moccasins
  2 hell hounds (Volcano)
  24 orc warriors
  3 sky beasts
  A black bear (D:5)
  A hornet zombie (D:8)
  4 ogres
  10 wolves
  2 necrophages
  11 centaurs
  A lemure (D:5)
  5 kobold brigands
  20 bullfrogs
  3 gnoll sergeants
  5 scorpions
  Dowan (D:6)
  A wyvern skeleton (D:7)
  4 killer bees (D:11)
  A wight (D:9)
  2 howler monkeys
  4 electric eels
  3 centaur zombies
  2 lava snakes (Volcano)
  3 hounds
  6 jellies
  A bullfrog skeleton (D:5)
  14 orc priests
  A centaur skeleton (D:6)
  Crazy Yiuf (D:4)
  2 iguanas
  2 hell rats (Lair:2)
  21 orc wizards
  A killer bee zombie (D:7)
  A bullfrog simulacrum (D:5)
  A scorpion simulacrum (D:5)
  A killer bee simulacrum (D:5)
  2 howler monkey zombies
  30 gnolls
  9 adders
  16 river rats
  A hound simulacrum (D:5)
  A shadow imp (D:8)
  2 white imps
  2 adder skeletons
  A worm (D:2)
  A dart slug (D:1)
  46 orcs
  3 endoplasms
  4 giant cockroaches
  10 goblins
  6 hobgoblins
  27 kobolds
  3 quokkas
  12 ball pythons
  5 bats
  8 frilled lizards
  30 rats
617 creatures vanquished.

Vanquished Creatures (others)
  A bush (Lair:3)
  62 fungi
  91 plants
154 creatures vanquished.

Grand Total: 771 creatures vanquished

Notes
Turn   | Place    | Note
-------+----------+-------------------------------------------
     0 | D:1      | Kaptain the Deep Elf Earth Elementalist began the quest for
                  | the Orb.
     0 | D:1      | Reached XP level 1. HP: 10/10 MP: 6/6
   299 | D:1      | Found a faded altar of an unknown god.
   334 | D:1      | Reached XP level 2. HP: 15/15 MP: 0/8
  1609 | D:2      | Reached skill level 1 in Conjurations
  1609 | D:2      | Reached XP level 3. HP: 15/20 MP: 9/9
  1901 | D:2      | Learned a level 3 spell: Stone Arrow
  2843 | D:3      | Found a glowing drain.
  2854 | D:3      | Reached XP level 4. HP: 19/24 MP: 4/11
  2857 | Sewer    | Entered a sewer
  3138 | Sewer    | Reached skill level 1 in Fighting
  3426 | Sewer    | Reached skill level 4 in Spellcasting
  3426 | Sewer    | Reached XP level 5. HP: 21/29 MP: 8/13
  3579 | Sewer    | Reached skill level 1 in Armour
  3879 | Sewer    | Reached XP level 6. HP: 28/34 MP: 2/14
  4490 | D:3      | Noticed Grinder
  4497 | D:3      | Killed Grinder
  4498 | D:3      | Reached skill level 1 in Shields
  4498 | D:3      | Reached skill level 5 in Spellcasting
  4498 | D:3      | Reached XP level 7. HP: 24/40 MP: 1/16
  4827 | D:3      | HP: 2/40 [gnoll/+0 whip (9)]
  5742 | D:3      | Reached skill level 5 in Earth Magic
  6425 | D:4      | Noticed Menkaure
  6430 | D:4      | Killed Menkaure
  6691 | D:4      | Found a staircase to the Ecumenical Temple.
  6705 | Temple   | Entered the Ecumenical Temple
  7208 | D:4      | Reached XP level 8. HP: 45/45 MP: 14/18
  7534 | D:4      | Found a runed translucent door.
  7535 | D:4      | Noticed Crazy Yiuf
  7540 | D:4      | Killed Crazy Yiuf
  7886 | D:5      | Entered Level 5 of the Dungeon
  7901 | D:5      | Noticed Pikel
  7913 | D:5      | Killed Pikel
  7914 | D:5      | Reached skill level 6 in Spellcasting
  8077 | D:5      | Found a runed translucent gate.
  8077 | D:5      | Found a runed translucent gate.
  8077 | D:5      | Found a runed translucent gate.
  8158 | D:5      | Noticed Ablot's ghost (amateur GnWr)
  8435 | D:5      | Reached skill level 5 in Stealth
  8435 | D:5      | Reached skill level 5 in Conjurations
  9066 | D:5      | Reached XP level 9. HP: 52/52 MP: 14/21
  9130 | D:5      | Reached skill level 7 in Spellcasting
  9376 | D:5      | Found a blossoming altar of Fedhas.
  9660 | D:5      | Killed Ablot's ghost
 10289 | D:6      | Noticed a kobold demonologist
 10292 | D:6      | Killed a kobold demonologist
 10293 | D:6      | Reached skill level 5 in Dodging
 10950 | D:6      | Noticed Duvessa
 10950 | D:6      | Noticed Dowan
 10955 | D:6      | Killed Duvessa
 10958 | D:6      | Killed Dowan
 11074 | D:6      | Reached skill level 8 in Spellcasting
 11112 | D:6      | Noticed a cyclops
 11113 | D:6      | Noticed a gargoyle
 11122 | D:6      | Killed a gargoyle
 11183 | D:6      | Killed a cyclops
 11184 | D:6      | Reached XP level 10. HP: 40/58 MP: 9/24
 11438 | D:7      | Noticed Harold
 11450 | D:7      | Killed Harold
 11451 | D:7      | Reached skill level 5 in Fighting
 11879 | D:7      | Found a runed translucent door.
 11879 | D:7      | Found a shimmering altar of Xom.
 11879 | D:7      | Noticed Ablot's ghost (novice GnCK)
 11879 | D:7      | Noticed a +1 quarterstaff of chaos
 11903 | D:7      | Reached skill level 9 in Spellcasting
 11937 | D:7      | Noticed Maggie
 11943 | D:7      | Killed Maggie
 11972 | D:7      | Found a flagged portal.
 11982 | Bailey   | Entered a bailey
 12287 | Bailey   | Noticed a vault guard
 12290 | Bailey   | Noticed Prince Ribbit
 12431 | Bailey   | Killed Prince Ribbit
 12589 | Bailey   | Killed a vault guard
 12830 | Bailey   | Noticed a vault guard
 12837 | Bailey   | Killed a vault guard
 12838 | Bailey   | Reached XP level 11. HP: 28/64 MP: 8/26
 13848 | D:8      | Reached skill level 10 in Spellcasting
 15024 | D:9      | Noticed a two-headed ogre
 15033 | D:9      | Killed a two-headed ogre
 15786 | D:9      | Noticed a two-headed ogre
 15833 | D:8      | Killed a two-headed ogre
 16146 | D:9      | Noticed a two-headed ogre
 16151 | D:9      | Killed a two-headed ogre
 16476 | D:9      | Noticed a deep elf pyromancer
 16482 | D:9      | Killed a deep elf pyromancer
 16578 | D:9      | Learned a level 6 spell: Statue Form
 17063 | D:9      | Reached skill level 11 in Spellcasting
 17068 | D:9      | Reached XP level 12. HP: 57/71 MP: 2/29
 17212 | D:10     | Entered Level 10 of the Dungeon
 17285 | D:10     | Noticed a two-headed ogre
 17293 | D:10     | Killed a two-headed ogre
 18203 | D:11     | Noticed a six-headed hydra
 18211 | D:11     | Killed a six-headed hydra
 18216 | D:11     | Reached skill level 10 in Earth Magic
 18486 | D:11     | Reached skill level 5 in Armour
 18880 | D:11     | Found a staircase to the Lair.
 19006 | D:11     | Noticed Nergalle
 19011 | D:11     | Killed Nergalle
 19324 | D:11     | Learned a level 3 spell: Swiftness
 20225 | D:12     | Reached skill level 12 in Spellcasting
 20599 | D:12     | Found a staircase to the Orcish Mines.
 20865 | D:12     | Noticed a seven-headed hydra
 20885 | D:12     | Reached skill level 5 in Shields
 20944 | D:12     | Killed a seven-headed hydra
 20945 | D:12     | Reached skill level 10 in Conjurations
 20945 | D:12     | Reached skill level 5 in Transmutations
 22024 | D:13     | Noticed Nessos
 22088 | D:13     | Killed Nessos
 22089 | D:13     | Reached XP level 13. HP: 67/78 MP: 19/31
 22407 | Lair:1   | Entered Level 1 of the Lair of Beasts
 22435 | Lair:1   | Found a dark tunnel.
 22444 | Volcano  | Entered a volcano
 22642 | Volcano  | Found a burning altar of Makhleb.
 23012 | Volcano  | Identified the -4 pair of boots "Fufylemp" {rC- Dex+2
                  | Slay+2 SInv}
 23625 | Lair:1   | Found a transporter.
 23637 | Lair:1   | Found a transporter.
 23640 | Lair:1   | Noticed duchin's ghost (journeyman DECj)
 24158 | Lair:1   | Reached skill level 13 in Spellcasting
 24715 | Lair:1   | Learned a level 5 spell: Lee's Rapid Deconstruction
 26493 | Lair:2   | Found a hole to the Spider Nest.
 26519 | Lair:2   | Identified the +7 quarterstaff "Qouck" {protect, rCorr}
 27894 | Spider:1 | Entered Level 1 of the Spider Nest
 28805 | Lair:3   | Reached XP level 14. HP: 84/84 MP: 15/33
 29172 | Lair:4   | Reached skill level 14 in Spellcasting
 30424 | Lair:4   | Found a staircase to the Swamp.
 31911 | Lair:6   | Entered Level 6 of the Lair of Beasts
 32119 | Lair:6   | Reached skill level 10 in Dodging
 32996 | Lair:6   | Learned a level 4 spell: Sticky Flame
 33320 | Lair:6   | Reached skill level 15 in Spellcasting
 33951 | Lair:6   | Found a staircase to the Slime Pits.
 33951 | Lair:6   | Found a viscous altar of Jiyva.
 34491 | Orc:1    | Entered Level 1 of the Orcish Mines
 35305 | Orc:2    | Entered Level 2 of the Orcish Mines
 35350 | Orc:2    | Found a staircase to the Elven Halls.
 35350 | Orc:2    | Found Tiraxudd's Antique Armour Boutique.
 36371 | Orc:2    | Noticed Snorg
 36532 | Orc:2    | Noticed an orc warlord
 36548 | Orc:1    | Slain by Snorg

Illustrated notes

Levels and vault maps discovered:
D:1:      dpeg_arrival_stonehenge_8_columns, layout_basic,
          basic_ecumenical_altar, hangedman_abyss_or_decor_lesser_grid,
          minivault_5
D:2:      layout_basic
D:3:      layout_loops_cross, cheibrodos_sewer_entry_sluice, chequers_big_river,
          nicolae_grassy_gnolls, uniq_grinder
D:4:      layout_basic, minmay_temple_entry_statues_fountains, feat_on_display,
          uniq_menkaure, uniq_crazy_yiuf_cottage
D:5:      layout_loops_corners, mainiacjoe_overflow_24_doors,
          gammafunk_ghost_icy, uniq_pikel
D:6:      minmay_chambers_of_sixes, layout_loops_ring, uniq_duvessa
D:7:      layout_basic, ebering_ghost_xom, enter_bailey_3, uniq_harold,
          uniq_maggie
D:8:      layout_gridville
D:9:      minmay_opposing_rooms, layout_irregular_city
D:10:     layout_roguey
D:11:     layout_cave_pods, minmay_lair_entry_grove, uniq_nergalle
D:12:     layout_basic, orc_0_dummy
D:13:     layout_basic, uniq_nessos
Temple:   nicolae_temple_the_god_donut
Lair:1:   layout_roguey, nicolae_volcano_entry_lava_flow, gammafunk_ghost_arena
Lair:2:   layout_big_grid, nicolae_spider_entry_orb_guardian,
          kennysheep_abandoned_house, wad_woods_river_01, lemuel_fruit_tree
Lair:3:   layout_regular_city, fungi_pond_lemuel, wad_woods_06,
          grunt_megastairs_2, serial_bayou_shore_b
Lair:4:   layout_regular_city, palyth_hydra_swamp_entry
Lair:5:   layout_concentric_octagons
Lair:6:   evilmike_catoblepas_cave, layout_loops_ring, slime_altar_1,
          minivault_11
Spider:1: layout_spider_delve, spiders_nest_spider_trap
Orc:1:    layout_diamond_mine, serial_shops, nicolae_shop_trees
Orc:2:    grunt_orc_gardens, layout_diamond_mine, grunt_orc_garden,
          grunt_orc_garden, grunt_orc_garden, grunt_orc_garden, special_room,
          minmay_orc_temple_c, uniq_snorg

Skill      XL: |  1  2  3  4  5  6  7  8  9 10 11 12 13 14 |
---------------+-------------------------------------------+-----
Conjurations   | 1 2 3 4 5 6 7 9 10 11 12 | 12.7
Stealth        | 3 4 5 |  5.0
Fighting       | 1 2 3 4 5 6 7 8 9 |  9.7
Earth Magic    | 4 5 6 7 8 9 10 12 13 | 13.1
Spellcasting   | 4 5 6 8 9 11 12 13 15 | 15.2
Armour         | 1 2 3 4 5 |  5.0
Dodging        | 3 4 5 6 7 8 9 10 | 10.4
Shields        | 1 2 3 4 5 |  5.0
Transmutations | 2 3 5 6 7 |  7.6

Action                   |  1- 3 |  4- 6 |  7- 9 | 10-12 | 13-15 || total
-------------------------+-------+-------+-------+-------+-------++-------
Melee: Staff             |    18 |       |       |       |       ||    18
       Short sword       |    12 |    38 |     7 |       |       ||    57
       Falchion          |     2 |       |       |       |       ||     2
       Dagger            |     1 |       |       |       |       ||     1
       Mace              |       |       |       |     7 |    16 ||    23
 Cast: Sandblast         |    49 |    49 |    38 |   119 |    77 ||   332
       Stone Arrow       |       |    20 |   130 |   319 |   394 ||   863
       Lee's Rapid Decon |       |       |       |       |   106 ||   106
       Statue Form       |       |       |       |       |     3 ||     3
Evoke: Wand              |       |       |       |     2 |       ||     2
  Use: Scroll            |     4 |     1 |     5 |     8 |     7 ||    25
       Potion            |       |     2 |       |     1 |     5 ||     8
 Stab: Sleeping          |     5 |     1 |       |       |       ||     6
Armor: Robe              |    12 |     8 |       |       |       ||    20
       Leather armour    |       |     4 |     6 |       |       ||    10
       Steam dragon scal |       |       |     1 |    69 |    84 ||   154
       Skin              |       |       |       |       |     1 ||     1
Dodge: Dodged            |    36 |    53 |    16 |   120 |   199 ||   424
Block: Buckler           |       |       |     2 |    45 |    59 ||   106
